MapleLeafs vs Canadiens

Created - 6 octobre 2019 at 17:32

Simulating a Pre-Season

Goals
1 2 3 T
MapleLeafs 0 1 1 2
Canadiens 0 1 0 1
Shots
1 2 3 T
MapleLeafs 6 10 10 26
Canadiens 12 14 11 37

1st period

No Goal

Penalties :
Cal Clutterbuck (TOR) for Hooking (Minor) at 4:06, Dmitry Kulikov (TOR) for Hooking (Minor) at 6:19, Cam Fowler (MTL) for Tripping (Minor) at 9:04, John Tavares (MTL) for Roughing (Minor) at 17:58

2nd period

1. MapleLeafs , Travis Hamonic 1 (Nikita Kucherov 7, Olli Maatta 1) at 2:57
2. Canadiens , John Tavares 1 (Cam Fowler 1, Ivan Provorov 2) at 3:36

Penalties :
No Penalty

3rd period

3. MapleLeafs , Nikita Kucherov 7 (Nikolaj Ehlers 5, Olli Maatta 2) at 9:55 (PP)

Penalties :
Ron Hainsey (MTL) for Hooking (Minor) at 7:56, Jamie Oleksiak (TOR) for Roughing (Minor) at 13:02

Goalie Stats

Jimmy Howard (TOR), 36 saves from 37 shots - (0.973), W, 4-1-0, 60:00 minutes
Laurent Brossoit (MTL), 24 saves from 26 shots - (0.923), L, 2-3-0, 59:23 minutes

Players Stats for MapleLeafs

Player Name              G  A  P  +/- PIM S  H  SB GA TA FO     MP     PP MP  PK MP  
------------------------------------------------------------------------------------
Cal Clutterbuck          0  0  0  -1  2   5  1  0  0  0  0/0    17:13   3:25   1:18 
Colin Wilson             0  0  0   0  0   0  0  0  0  0  0/0     0:14   0:00   0:00 
Craig Smith              0  0  0   0  0   4  1  0  0  0  0/2    15:19   0:00   0:29 
Derrick Pouliot          0  0  0  -1  0   0  0  1  0  0  0/0    17:37   0:42   1:22 
Dmitry Kulikov           0  0  0  -1  2   0  2  2  0  0  0/0    18:32   0:22   1:29 
Ivan Barbashev           0  0  0   0  0   1  0  0  0  0  3/4    13:09   3:25   3:11 
Jamie Oleksiak           0  0  0   0  2   1  5  1  0  0  0/0    23:00   3:01   1:14 
Jay Beagle               0  0  0  -1  0   2  0  0  0  0  11/21  15:02   0:00   2:31 
Kyle Okposo              0  0  0   0  0   2  1  0  0  0  2/3     5:49   0:00   0:00 
Leo Komarov              0  0  0  -1  0   1  1  0  0  0  2/4    14:17   0:00   1:46 
Nikita Kucherov          1  1  2   1  0   4  1  1  0  0  0/1    18:50   2:32   0:00 
Nikolaj Ehlers           0  1  1   1  0   2  1  0  0  0  1/5    19:50   2:32   1:05 
Nolan Patrick            0  0  0   0  0   1  0  0  0  0  16/23  17:16   3:25   0:23 
Olli Maatta              0  2  2   1  0   1  1  0  0  0  0/0    22:44   3:09   3:04 
Patrick Marleau          0  0  0   0  0   0  2  0  0  0  5/9    24:10   2:32   1:51 
Radko Gudas              0  0  0   0  0   0  3  1  0  0  0/0    22:24   2:48   2:06 
Sam Steel                0  0  0   1  0   1  2  0  0  0  13/20  15:40   0:00   0:00 
Travis Hamonic           1  0  1   1  0   1  0  2  0  0  0/0    12:54   1:52   1:59 

Players Stats for Canadiens

Player Name              G  A  P  +/- PIM S  H  SB GA TA FO     MP     PP MP  PK MP  
------------------------------------------------------------------------------------
Artturi Lehkonen         0  0  0   0  0   0  0  0  0  0  0/0     6:14   0:00   0:00 
Auston Matthews          0  0  0   0  0   8  2  0  0  0  11/31  24:41   2:52   3:06 
Cam Fowler               0  1  1   0  2   3  0  1  0  0  0/0    22:58   3:04   2:20 
Colin White              0  0  0   0  0   5  0  0  0  0  2/3    17:57   3:19   2:09 
Ilya Kovalchuk           0  0  0   0  0   4  0  0  0  0  1/2    15:08   3:19   0:00 
Ivan Provorov            0  1  1   0  0   2  4  2  0  0  0/0    23:09   3:04   2:30 
Jakob Silfverberg        0  0  0   0  0   3  1  0  0  0  4/8    21:50   2:20   2:46 
John Tavares             1  0  1   0  2   4  3  0  0  0  7/17   11:18   1:46   1:00 
Jordan Eberle            0  0  0   0  0   0  0  0  0  0  2/5    14:41   1:10   0:00 
Josh Morrissey           0  0  0   0  0   0  1  1  0  0  0/0    22:34   2:53   2:55 
Marcus Johansson         0  0  0   0  0   0  0  0  0  0  0/2    13:05   0:00   0:00 
Michael Stone            0  0  0   0  0   0  1  0  0  0  0/0    15:39   0:00   1:54 
Nate Schmidt             0  0  0   0  0   1  1  0  0  0  0/0    16:58   2:53   0:20 
Nick Shore               0  0  0   0  0   0  1  0  0  0  5/9     5:48   0:00   0:00 
Ron Hainsey              0  0  0   0  2   1  2  0  0  0  0/0    18:40   0:00   1:55 
Teuvo Teravainen         0  0  0   0  0   2  4  0  0  0  0/1    22:13   2:38   2:37 
Tyson Jost               0  0  0   0  0   2  0  0  0  0  1/1     8:02   0:27   0:16 
Zack Smith               0  0  0   0  0   2  1  0  0  0  6/13   13:05   0:00   0:00 

3 Stars

1 - Jimmy Howard (TOR)
2 - Nikita Kucherov (TOR)
3 - Olli Maatta (TOR)

Power Play

MapleLeafs - 1 on 3 Attempt(s) - 33.33%
Canadiens - 0 on 3 Attempt(s) - 0.00%

Penalty Kill

MapleLeafs - 3 on 3 Attempt(s) - 100.00% - Score 0 goal in Penalty Kill
Canadiens - 2 on 3 Attempt(s) - 66.67% - Score 0 goal in Penalty Kill

Team Stat

MapleLeafs - Hits : 21 - Faceoff Wins : 53 - Blocked Shots : 8 - Penalty Minutes : 6
Canadiens - Hits : 21 - Faceoff Wins : 39 - Blocked Shots : 4 - Penalty Minutes : 6

Official

Referees : Wes McCauley and Dan O'Rourke
Linesman : Jay Sharrers and Kiel Murchison

Game Notes

John Tavares is injured at 12:22 of 2nd period (Left Hip)
Travis Hamonic is injured at 12:41 of 2nd period (Bruised Right Arm)

% Time on Ice - MapleLeafs

Lines # - Real PCT - Wanted PCT - Time Play
Normal Forward
1 - 33% - 34% - 15:40
2 - 29% - 32% - 13:28
3 - 26% - 18% - 12:31
4 - 12% - 16% - 5:35
Normal Defense
1 - 39% - 36% - 18:21
2 - 30% - 34% - 14:18
3 - 31% - 30% - 14:35
4 - 0% - 0% - 0:00
PP Forward
1 - 43% - 50% - 2:32
2 - 57% - 50% - 3:25
PP Defense
1 - 65% - 50% - 3:51
2 - 35% - 50% - 2:06
PK Forward
1 - 69% - 60% - 4:06
2 - 31% - 40% - 1:51
PK Defense
1 - 72% - 60% - 4:18
2 - 28% - 40% - 1:39
PK3 Forward
1 - 0% - 60%
2 - 0% - 40%
PK3 Defense
1 - 0% - 60%
2 - 0% - 40%
44 Forward
1 - 0% - 60%
2 - 0% - 40%
44 Defense
1 - 0% - 60%
2 - 0% - 40%
Last Minute Offensive  - 0:00
Last Minute Defensive  - 0:52
Total
Forward - 60:00
Defense - 60:00

% Time on Ice - Canadiens

Lines # - Real PCT - Wanted PCT - Time Play
Normal Forward
1 - 35% - 35% - 16:44
2 - 25% - 30% - 11:49
3 - 28% - 25% - 13:05
4 - 12% - 10% - 5:48
Normal Defense
1 - 36% - 35% - 16:55
2 - 35% - 35% - 16:46
3 - 15% - 15% - 6:58
4 - 14% - 15% - 6:47
PP Forward
1 - 44% - 50% - 2:38
2 - 56% - 50% - 3:19
PP Defense
1 - 52% - 50% - 3:04
2 - 48% - 50% - 2:53
PK Forward
1 - 56% - 50% - 3:20
2 - 44% - 50% - 2:37
PK Defense
1 - 42% - 50% - 2:31
2 - 58% - 50% - 3:26
PK3 Forward
1 - 0% - 60%
2 - 0% - 40%
PK3 Defense
1 - 0% - 60%
2 - 0% - 40%
44 Forward
1 - 0% - 50%
2 - 0% - 50%
44 Defense
1 - 0% - 50%
2 - 0% - 50%
Last Minute Offensive  - 0:40
Last Minute Defensive  - 0:00
Total
Forward - 60:00
Defense - 60:00

Play-by-Play

1st period


0:01 of 1st period - John Tavares wins face-off versus Sam Steel in neutral zone.
0:06 of 1st period - Shot by Jakob Silfverberg.
0:06 of 1st period - Shot Misses the Net.
1:02 of 1st period - Shot by Auston Matthews.
1:02 of 1st period - Shot Blocked by Travis Hamonic.
1:04 of 1st period - Shot by Ilya Kovalchuk.
1:04 of 1st period - Stopped by Jimmy Howard with a rebound.
2:25 of 1st period - Icing by Jay Beagle.
2:26 of 1st period - Nick Shore wins face-off versus Jay Beagle in MapleLeafs zone.
2:33 of 1st period - Off-side.
2:34 of 1st period - Jakob Silfverberg wins face-off versus Kyle Okposo in neutral zone.
2:39 of 1st period - Ivan Barbashev is hit by Teuvo Teravainen and loses puck.
2:59 of 1st period - Shot by Ron Hainsey.
2:59 of 1st period - Shot Misses the Net.
3:01 of 1st period - Shot by Teuvo Teravainen.
3:01 of 1st period - Stopped by Jimmy Howard with a rebound.
3:11 of 1st period - Shot by John Tavares.
3:11 of 1st period - Stopped by Jimmy Howard without a rebound.
3:12 of 1st period - Jay Beagle wins face-off versus Auston Matthews in MapleLeafs zone.
3:20 of 1st period - Leo Komarov is hit by Michael Stone and loses puck.
3:45 of 1st period - Ilya Kovalchuk is hit by Jamie Oleksiak and loses puck.
4:06 of 1st period - Minor Penalty to Cal Clutterbuck for Hooking.
4:07 of 1st period - Ivan Barbashev wins face-off versus John Tavares in MapleLeafs zone.
4:07 of 1st period - Ivan Barbashev is hit by John Tavares.
5:24 of 1st period - Shot by Josh Morrissey.
5:24 of 1st period - Shot Blocked by Travis Hamonic.
5:26 of 1st period - Shot by Ilya Kovalchuk.
5:26 of 1st period - Stopped by Jimmy Howard with a rebound.
5:28 of 1st period - Shot by Josh Morrissey.
5:28 of 1st period - Shot Misses the Net.
6:15 of 1st period - Tyson Jost is hit by Dmitry Kulikov and loses puck.
6:19 of 1st period - Minor Penalty to Dmitry Kulikov for Hooking.
6:20 of 1st period - Leo Komarov wins face-off versus Auston Matthews in MapleLeafs zone.
6:57 of 1st period - Shot by Cal Clutterbuck.
6:57 of 1st period - Shot Misses the Net.
7:23 of 1st period - Leo Komarov is hit by Auston Matthews and loses puck.
8:05 of 1st period - Shot by Ivan Provorov.
8:05 of 1st period - Stopped by Jimmy Howard without a rebound.
8:06 of 1st period - Patrick Marleau wins face-off versus John Tavares in MapleLeafs zone.
8:30 of 1st period - Nikita Kucherov is hit by Ivan Provorov and loses puck.
8:39 of 1st period - Shot by Nikita Kucherov.
8:39 of 1st period - Shot Blocked by Cam Fowler.
8:41 of 1st period - Shot by Nikita Kucherov.
8:41 of 1st period - Deflect By Sam Steel.
8:41 of 1st period - Stopped by Laurent Brossoit with a rebound.
8:50 of 1st period - Shot by Sam Steel.
8:50 of 1st period - Shot Misses the Net.
8:52 of 1st period - Shot by Nikita Kucherov.
8:52 of 1st period - Shot Misses the Net.
8:59 of 1st period - Icing by Zack Smith.
9:00 of 1st period - Nolan Patrick wins face-off versus Jordan Eberle in Canadiens zone.
9:03 of 1st period - Shot by Craig Smith.
9:03 of 1st period - Stopped by Laurent Brossoit with a rebound.
9:04 of 1st period - Minor Penalty to Cam Fowler for Tripping.
9:05 of 1st period - Ivan Barbashev wins face-off versus Jakob Silfverberg in Canadiens zone.
9:05 of 1st period - Ivan Barbashev is hit by Ron Hainsey.
10:05 of 1st period - Shot by Nikita Kucherov.
10:05 of 1st period - Stopped by Laurent Brossoit with a rebound.
10:23 of 1st period - Shot by Nikita Kucherov.
10:23 of 1st period - Shot Blocked by Josh Morrissey.
11:08 of 1st period - Icing by Jordan Eberle.
11:09 of 1st period - Sam Steel wins face-off versus Zack Smith in Canadiens zone.
11:45 of 1st period - Off-side.
11:46 of 1st period - Nolan Patrick wins face-off versus Nick Shore in neutral zone.
12:04 of 1st period - Icing by Patrick Marleau.
12:05 of 1st period - Nolan Patrick wins face-off versus John Tavares in MapleLeafs zone.
12:18 of 1st period - Shot by Craig Smith.
12:18 of 1st period - Stopped by Laurent Brossoit without a rebound.
12:19 of 1st period - Jay Beagle wins face-off versus Auston Matthews in Canadiens zone.
13:17 of 1st period - John Tavares is hit by Jamie Oleksiak and loses puck.
13:20 of 1st period - Shot by Jakob Silfverberg.
13:20 of 1st period - Stopped by Jimmy Howard without a rebound.
13:21 of 1st period - Sam Steel wins face-off versus Zack Smith in MapleLeafs zone.
13:28 of 1st period - Cam Fowler is hit by Nikolaj Ehlers and loses puck.
13:45 of 1st period - Sam Steel is hit by Ivan Provorov and loses puck.
13:55 of 1st period - Icing by Ivan Provorov.
13:56 of 1st period - Nolan Patrick wins face-off versus Marcus Johansson in Canadiens zone.
14:07 of 1st period - Shot by Zack Smith.
14:07 of 1st period - Stopped by Jimmy Howard without a rebound.
14:08 of 1st period - Kyle Okposo wins face-off versus John Tavares in MapleLeafs zone.
14:20 of 1st period - Shot by Ivan Barbashev.
14:20 of 1st period - Stopped by Laurent Brossoit without a rebound.
14:21 of 1st period - Auston Matthews wins face-off versus Sam Steel in Canadiens zone.
14:38 of 1st period - Icing by Jamie Oleksiak.
14:39 of 1st period - John Tavares wins face-off versus Nikolaj Ehlers in MapleLeafs zone.
14:56 of 1st period - Shot by John Tavares.
14:56 of 1st period - Stopped by Jimmy Howard without a rebound.
14:57 of 1st period - Nolan Patrick wins face-off versus Auston Matthews in MapleLeafs zone.
15:26 of 1st period - Shot by Auston Matthews.
15:26 of 1st period - Stopped by Jimmy Howard without a rebound.
15:27 of 1st period - John Tavares wins face-off versus Sam Steel in MapleLeafs zone.
15:44 of 1st period - Shot by John Tavares.
15:44 of 1st period - Deflect By Jakob Silfverberg.
15:44 of 1st period - Shot Misses the Net.
15:46 of 1st period - Shot by Jakob Silfverberg.
15:46 of 1st period - Shot Misses the Net.
15:50 of 1st period - Shot by Jakob Silfverberg.
15:50 of 1st period - Stopped by Jimmy Howard without a rebound.
15:51 of 1st period - Nick Shore wins face-off versus Jay Beagle in MapleLeafs zone.
16:38 of 1st period - Icing by Dmitry Kulikov.
16:39 of 1st period - John Tavares wins face-off versus Jay Beagle in MapleLeafs zone.
16:47 of 1st period - Icing by Dmitry Kulikov.
16:48 of 1st period - Jay Beagle wins face-off versus Ilya Kovalchuk in MapleLeafs zone.
17:07 of 1st period - Shot by Auston Matthews.
17:07 of 1st period - Stopped by Jimmy Howard without a rebound.
17:08 of 1st period - John Tavares wins face-off versus Nolan Patrick in MapleLeafs zone.
17:08 of 1st period - John Tavares is hit by Olli Maatta.
17:14 of 1st period - Shot by Jakob Silfverberg.
17:14 of 1st period - Stopped by Jimmy Howard without a rebound.
17:15 of 1st period - Nolan Patrick wins face-off versus John Tavares in MapleLeafs zone.
17:57 of 1st period - Patrick Marleau is hit by John Tavares and loses puck.
17:58 of 1st period - Minor Penalty to John Tavares for Roughing.
17:59 of 1st period - Colin White wins face-off versus Patrick Marleau in Canadiens zone.
17:59 of 1st period - Colin White is hit by Nikita Kucherov.
18:20 of 1st period - Icing by Radko Gudas.
18:21 of 1st period - Patrick Marleau wins face-off versus Jakob Silfverberg in MapleLeafs zone.
19:05 of 1st period - Icing by Ivan Barbashev.
19:06 of 1st period - Nolan Patrick wins face-off versus Jakob Silfverberg in MapleLeafs zone.
19:25 of 1st period - Shot by Cal Clutterbuck.
19:25 of 1st period - Stopped by Laurent Brossoit without a rebound.
19:26 of 1st period - Nolan Patrick wins face-off versus Colin White in Canadiens zone.
Goals for this period are 0 for MapleLeafs vs 0 for Canadiens.
Shots for this period are 6 for MapleLeafs vs 12 for Canadiens.

2nd period


0:01 of 2nd period - Nolan Patrick wins face-off versus John Tavares in neutral zone.
0:01 of 2nd period - Nolan Patrick is hit by John Tavares.
0:52 of 2nd period - Off-side.
0:53 of 2nd period - Ilya Kovalchuk wins face-off versus Nikita Kucherov in neutral zone.
1:12 of 2nd period - Shot by Colin White.
1:12 of 2nd period - Stopped by Jimmy Howard without a rebound.
1:13 of 2nd period - Jordan Eberle wins face-off versus Jay Beagle in MapleLeafs zone.
1:18 of 2nd period - Shot by Marcus Johansson.
1:18 of 2nd period - Shot Hit the Post.
1:51 of 2nd period - Shot by Jordan Eberle.
1:51 of 2nd period - Deflect By Marcus Johansson.
1:51 of 2nd period - Shot Misses the Net.
1:53 of 2nd period - Shot by Zack Smith.
1:53 of 2nd period - Stopped by Jimmy Howard without a rebound.
1:54 of 2nd period - Sam Steel wins face-off versus Auston Matthews in MapleLeafs zone.
1:54 of 2nd period - Sam Steel is hit by Auston Matthews.
2:02 of 2nd period - Shot by Nikolaj Ehlers.
2:02 of 2nd period - Stopped by Laurent Brossoit without a rebound.
2:03 of 2nd period - Nolan Patrick wins face-off versus John Tavares in Canadiens zone.
2:10 of 2nd period - Shot by Craig Smith.
2:10 of 2nd period - Stopped by Laurent Brossoit without a rebound.
2:11 of 2nd period - Auston Matthews wins face-off versus Nolan Patrick in Canadiens zone.
2:11 of 2nd period - Ilya Kovalchuk is hit by Craig Smith and loses puck.
2:15 of 2nd period - Ron Hainsey is hit by Patrick Marleau and loses puck.
2:22 of 2nd period - Shot by Ilya Kovalchuk.
2:22 of 2nd period - Shot Misses the Net.
2:24 of 2nd period - Shot by Ilya Kovalchuk.
2:24 of 2nd period - Stopped by Jimmy Howard without a rebound.
2:25 of 2nd period - John Tavares wins face-off versus Sam Steel in MapleLeafs zone.
2:39 of 2nd period - Shot by Nikolaj Ehlers.
2:39 of 2nd period - Shot Blocked by Ivan Provorov.
2:53 of 2nd period - Shot by Nikita Kucherov.
2:53 of 2nd period - Shot Misses the Net.
2:55 of 2nd period - Shot by Nikita Kucherov.
2:55 of 2nd period - Shot Misses the Net.
2:57 of 2nd period - Shot by Travis Hamonic.
2:57 of 2nd period - Goal by Travis Hamonic - MapleLeafs : 1 - Canadiens : 0.
2:58 of 2nd period - Nolan Patrick wins face-off versus Auston Matthews in neutral zone.
3:19 of 2nd period - Shot by Auston Matthews.
3:19 of 2nd period - Stopped by Jimmy Howard without a rebound.
3:20 of 2nd period - Jay Beagle wins face-off versus Zack Smith in MapleLeafs zone.
3:30 of 2nd period - Icing by Jay Beagle.
3:31 of 2nd period - Jakob Silfverberg wins face-off versus Jay Beagle in MapleLeafs zone.
3:36 of 2nd period - Shot by John Tavares.
3:36 of 2nd period - Goal by John Tavares - MapleLeafs : 1 - Canadiens : 1.
3:37 of 2nd period - Nolan Patrick wins face-off versus Auston Matthews in neutral zone.
4:07 of 2nd period - Icing by Josh Morrissey.
4:08 of 2nd period - Sam Steel wins face-off versus Auston Matthews in Canadiens zone.
4:11 of 2nd period - Shot by Nikita Kucherov.
4:11 of 2nd period - Shot Misses the Net.
4:44 of 2nd period - Icing by Radko Gudas.
4:45 of 2nd period - Nikolaj Ehlers wins face-off versus Marcus Johansson in MapleLeafs zone.
5:47 of 2nd period - Icing by Ivan Provorov.
5:48 of 2nd period - Jay Beagle wins face-off versus John Tavares in Canadiens zone.
5:53 of 2nd period - Shot by Cal Clutterbuck.
5:53 of 2nd period - Deflect By Leo Komarov.
5:53 of 2nd period - Stopped by Laurent Brossoit with a rebound.
6:33 of 2nd period - Shot by Ilya Kovalchuk.
6:33 of 2nd period - Shot Blocked by Dmitry Kulikov.
6:35 of 2nd period - Shot by Ron Hainsey.
6:35 of 2nd period - Stopped by Jimmy Howard without a rebound.
6:36 of 2nd period - Sam Steel wins face-off versus Zack Smith in MapleLeafs zone.
7:35 of 2nd period - Shot by Patrick Marleau.
7:35 of 2nd period - Shot Misses the Net.
7:40 of 2nd period - Icing by Nate Schmidt.
7:41 of 2nd period - Patrick Marleau wins face-off versus Auston Matthews in Canadiens zone.
8:28 of 2nd period - Michael Stone is hit by Dmitry Kulikov and loses puck.
8:50 of 2nd period - Off-side.
8:51 of 2nd period - Zack Smith wins face-off versus Sam Steel in neutral zone.
9:09 of 2nd period - Shot by Marcus Johansson.
9:09 of 2nd period - Deflect By Jordan Eberle.
9:09 of 2nd period - Shot Blocked by Jamie Oleksiak.
9:12 of 2nd period - Icing by Jamie Oleksiak.
9:13 of 2nd period - Sam Steel wins face-off versus John Tavares in MapleLeafs zone.
9:22 of 2nd period - Shot by Nikolaj Ehlers.
9:22 of 2nd period - Shot Misses the Net.
10:49 of 2nd period - Icing by Derrick Pouliot.
10:50 of 2nd period - Auston Matthews wins face-off versus Jay Beagle in MapleLeafs zone.
10:55 of 2nd period - Shot by Ilya Kovalchuk.
10:55 of 2nd period - Shot Misses the Net.
11:07 of 2nd period - Shot by Colin White.
11:07 of 2nd period - Stopped by Jimmy Howard without a rebound.
11:08 of 2nd period - Nick Shore wins face-off versus Nikolaj Ehlers in MapleLeafs zone.
11:09 of 2nd period - Shot by Tyson Jost.
11:09 of 2nd period - Stopped by Jimmy Howard without a rebound.
11:10 of 2nd period - Sam Steel wins face-off versus John Tavares in MapleLeafs zone.
11:19 of 2nd period - Shot by John Tavares.
11:19 of 2nd period - Stopped by Jimmy Howard without a rebound.
11:20 of 2nd period - Nolan Patrick wins face-off versus Auston Matthews in MapleLeafs zone.
11:35 of 2nd period - Shot by Ilya Kovalchuk.
11:35 of 2nd period - Stopped by Jimmy Howard without a rebound.
11:36 of 2nd period - Sam Steel wins face-off versus Jakob Silfverberg in MapleLeafs zone.
11:55 of 2nd period - Shot by Nikolaj Ehlers.
11:55 of 2nd period - Stopped by Laurent Brossoit without a rebound.
11:56 of 2nd period - Nolan Patrick wins face-off versus Auston Matthews in Canadiens zone.
12:16 of 2nd period - Shot by Craig Smith.
12:16 of 2nd period - Stopped by Laurent Brossoit with a rebound.
12:18 of 2nd period - Shot by Nolan Patrick.
12:18 of 2nd period - Shot Misses the Net.
12:20 of 2nd period - Shot by Nolan Patrick.
12:20 of 2nd period - Stopped by Laurent Brossoit without a rebound.
12:21 of 2nd period - John Tavares wins face-off versus Nikolaj Ehlers in Canadiens zone.
12:21 of 2nd period - John Tavares is hit by Sam Steel.
12:22 of 2nd period - John Tavares from Canadiens is injured at 12:22 of 2nd period (Left Hip).
12:23 of 2nd period - Sam Steel wins face-off versus Auston Matthews in Canadiens zone.
12:28 of 2nd period - Shot by Sam Steel.
12:28 of 2nd period - Shot Misses the Net.
12:30 of 2nd period - Shot by Jamie Oleksiak.
12:30 of 2nd period - Stopped by Laurent Brossoit without a rebound.
12:31 of 2nd period - Nolan Patrick wins face-off versus Auston Matthews in Canadiens zone.
12:40 of 2nd period - Travis Hamonic is hit by Jakob Silfverberg and loses puck.
12:41 of 2nd period - Travis Hamonic from MapleLeafs is injured at 12:41 of 2nd period (Bruised Right Arm).
12:42 of 2nd period - Nick Shore wins face-off versus Nikolaj Ehlers in MapleLeafs zone.
12:43 of 2nd period - Shot by Tyson Jost.
12:43 of 2nd period - Stopped by Jimmy Howard without a rebound.
12:44 of 2nd period - Auston Matthews wins face-off versus Nolan Patrick in MapleLeafs zone.
14:04 of 2nd period - Shot by Tyson Jost.
14:04 of 2nd period - Shot Misses the Net.
14:09 of 2nd period - Nikita Kucherov is hit by Nate Schmidt and loses puck.
14:20 of 2nd period - Icing by Michael Stone.
14:21 of 2nd period - Jay Beagle wins face-off versus Nick Shore in Canadiens zone.
14:42 of 2nd period - Shot by Cal Clutterbuck.
14:42 of 2nd period - Stopped by Laurent Brossoit without a rebound.
14:43 of 2nd period - Zack Smith wins face-off versus Patrick Marleau in Canadiens zone.
14:47 of 2nd period - Off-side.
14:48 of 2nd period - Zack Smith wins face-off versus Nolan Patrick in neutral zone.
15:47 of 2nd period - Shot by Auston Matthews.
15:47 of 2nd period - Stopped by Jimmy Howard without a rebound.
15:48 of 2nd period - Sam Steel wins face-off versus Auston Matthews in MapleLeafs zone.
16:23 of 2nd period - Shot by Auston Matthews.
16:23 of 2nd period - Stopped by Jimmy Howard without a rebound.
16:24 of 2nd period - Jay Beagle wins face-off versus Nick Shore in MapleLeafs zone.
16:24 of 2nd period - Jay Beagle is hit by Nick Shore.
16:31 of 2nd period - Off-side.
16:32 of 2nd period - Zack Smith wins face-off versus Jay Beagle in neutral zone.
16:46 of 2nd period - Zack Smith is hit by Radko Gudas and loses puck.
16:55 of 2nd period - Shot by Cal Clutterbuck.
16:55 of 2nd period - Stopped by Laurent Brossoit without a rebound.
16:56 of 2nd period - Kyle Okposo wins face-off versus Auston Matthews in Canadiens zone.
16:56 of 2nd period - Kyle Okposo is hit by Ivan Provorov.
17:00 of 2nd period - Shot by Ivan Barbashev.
17:00 of 2nd period - Shot Blocked by Ivan Provorov.
17:06 of 2nd period - Shot by Auston Matthews.
17:06 of 2nd period - Shot Misses the Net.
17:26 of 2nd period - Shot by Colin White.
17:26 of 2nd period - Shot Misses the Net.
17:28 of 2nd period - Shot by Colin White.
17:28 of 2nd period - Deflect By Auston Matthews.
17:28 of 2nd period - Stopped by Jimmy Howard without a rebound.
17:29 of 2nd period - Sam Steel wins face-off versus Auston Matthews in MapleLeafs zone.
17:29 of 2nd period - Sam Steel is hit by Teuvo Teravainen.
17:35 of 2nd period - Derrick Pouliot is hit by Teuvo Teravainen and loses puck.
17:45 of 2nd period - Icing by Ron Hainsey.
17:46 of 2nd period - Auston Matthews wins face-off versus Jay Beagle in Canadiens zone.
17:46 of 2nd period - Auston Matthews is hit by Leo Komarov.
18:17 of 2nd period - Icing by Derrick Pouliot.
18:18 of 2nd period - Jay Beagle wins face-off versus Zack Smith in MapleLeafs zone.
19:48 of 2nd period - Icing by Radko Gudas.
19:49 of 2nd period - Auston Matthews wins face-off versus Craig Smith in MapleLeafs zone.
Goals for this period are 1 for MapleLeafs vs 1 for Canadiens.
Shots for this period are 10 for MapleLeafs vs 14 for Canadiens.

3rd period


0:01 of 3rd period - Auston Matthews wins face-off versus Patrick Marleau in neutral zone.
0:01 of 3rd period - Auston Matthews is hit by Kyle Okposo.
1:53 of 3rd period - Shot by Jordan Eberle.
1:53 of 3rd period - Shot Misses the Net.
2:01 of 3rd period - Shot by Jordan Eberle.
2:01 of 3rd period - Shot Blocked by Nikita Kucherov.
2:15 of 3rd period - Icing by Michael Stone.
2:16 of 3rd period - Zack Smith wins face-off versus Nolan Patrick in Canadiens zone.
2:16 of 3rd period - Zack Smith is hit by Patrick Marleau.
2:54 of 3rd period - Shot by Nolan Patrick.
2:54 of 3rd period - Shot Misses the Net.
3:12 of 3rd period - Shot by Cal Clutterbuck.
3:12 of 3rd period - Stopped by Laurent Brossoit with a rebound.
3:20 of 3rd period - Shot by Leo Komarov.
3:20 of 3rd period - Shot Misses the Net.
3:22 of 3rd period - Shot by Olli Maatta.
3:22 of 3rd period - Deflect By Cal Clutterbuck.
3:22 of 3rd period - Stopped by Laurent Brossoit with a rebound.
4:40 of 3rd period - Zack Smith is hit by Sam Steel and loses puck.
5:02 of 3rd period - Sam Steel is hit by Zack Smith.
5:27 of 3rd period - Ivan Barbashev is hit by Ivan Provorov and loses puck.
6:14 of 3rd period - Shot by Jay Beagle.
6:14 of 3rd period - Stopped by Laurent Brossoit without a rebound.
6:15 of 3rd period - Jay Beagle wins face-off versus Auston Matthews in Canadiens zone.
6:40 of 3rd period - Ilya Kovalchuk is hit by Jamie Oleksiak and loses puck.
6:46 of 3rd period - Icing by Jay Beagle.
6:47 of 3rd period - Jay Beagle wins face-off versus Zack Smith in MapleLeafs zone.
7:07 of 3rd period - Shot by Nikita Kucherov.
7:07 of 3rd period - Stopped by Laurent Brossoit without a rebound.
7:08 of 3rd period - Sam Steel wins face-off versus Teuvo Teravainen in Canadiens zone.
7:44 of 3rd period - Icing by Cam Fowler.
7:45 of 3rd period - Patrick Marleau wins face-off versus Auston Matthews in Canadiens zone.
7:46 of 3rd period - Shot by Kyle Okposo.
7:46 of 3rd period - Stopped by Laurent Brossoit without a rebound.
7:47 of 3rd period - Patrick Marleau wins face-off versus Zack Smith in Canadiens zone.
7:47 of 3rd period - Ivan Barbashev is hit by Josh Morrissey and loses puck.
7:51 of 3rd period - Ivan Barbashev is hit by Ron Hainsey and loses puck.
7:56 of 3rd period - Shot by Patrick Marleau.
7:56 of 3rd period - Deflect By Kyle Okposo.
7:56 of 3rd period - Stopped by Laurent Brossoit without a rebound.
7:56 of 3rd period - Minor Penalty to Ron Hainsey for Hooking.
7:57 of 3rd period - Jakob Silfverberg wins face-off versus Nolan Patrick in Canadiens zone.
7:57 of 3rd period - Jakob Silfverberg is hit by Cal Clutterbuck.
8:15 of 3rd period - Off-side.
8:16 of 3rd period - Jakob Silfverberg wins face-off versus Patrick Marleau in neutral zone.
9:55 of 3rd period - Shot by Nikita Kucherov.
9:55 of 3rd period - Goal by Nikita Kucherov - MapleLeafs : 2 - Canadiens : 1.
9:56 of 3rd period - Zack Smith wins face-off versus Jay Beagle in neutral zone.
10:14 of 3rd period - Shot by Marcus Johansson.
10:14 of 3rd period - Shot Blocked by Derrick Pouliot.
11:22 of 3rd period - Icing by Josh Morrissey.
11:23 of 3rd period - Nick Shore wins face-off versus Nolan Patrick in Canadiens zone.
11:33 of 3rd period - Icing by Nolan Patrick.
11:34 of 3rd period - Nolan Patrick wins face-off versus Auston Matthews in MapleLeafs zone.
12:10 of 3rd period - Shot by Colin White.
12:10 of 3rd period - Shot Blocked by Radko Gudas.
12:14 of 3rd period - Shot by Auston Matthews.
12:14 of 3rd period - Stopped by Jimmy Howard with a rebound.
12:16 of 3rd period - Shot by Colin White.
12:16 of 3rd period - Deflect By Auston Matthews.
12:16 of 3rd period - Stopped by Jimmy Howard without a rebound.
12:17 of 3rd period - Auston Matthews wins face-off versus Sam Steel in MapleLeafs zone.
12:46 of 3rd period - Radko Gudas is hit by Teuvo Teravainen and loses puck.
13:00 of 3rd period - Teuvo Teravainen is hit by Jamie Oleksiak and loses puck.
13:02 of 3rd period - Minor Penalty to Jamie Oleksiak for Roughing.
13:03 of 3rd period - Ivan Barbashev wins face-off versus Jordan Eberle in MapleLeafs zone.
13:42 of 3rd period - Shot by Colin White.
13:42 of 3rd period - Stopped by Jimmy Howard without a rebound.
13:43 of 3rd period - Tyson Jost wins face-off versus Leo Komarov in MapleLeafs zone.
14:03 of 3rd period - Off-side.
14:04 of 3rd period - Auston Matthews wins face-off versus Ivan Barbashev in neutral zone.
14:11 of 3rd period - Shot by Ivan Provorov.
14:11 of 3rd period - Shot Misses the Net.
14:13 of 3rd period - Shot by Ivan Provorov.
14:13 of 3rd period - Shot Misses the Net.
14:25 of 3rd period - Shot by Ivan Provorov.
14:25 of 3rd period - Shot Misses the Net.
14:27 of 3rd period - Shot by Colin White.
14:27 of 3rd period - Stopped by Jimmy Howard with a rebound.
14:29 of 3rd period - Shot by Cam Fowler.
14:29 of 3rd period - Stopped by Jimmy Howard with a rebound.
14:31 of 3rd period - Shot by Ivan Provorov.
14:31 of 3rd period - Stopped by Jimmy Howard without a rebound.
14:32 of 3rd period - Leo Komarov wins face-off versus Jordan Eberle in MapleLeafs zone.
14:45 of 3rd period - Shot by Nate Schmidt.
14:45 of 3rd period - Stopped by Jimmy Howard without a rebound.
14:46 of 3rd period - Jordan Eberle wins face-off versus Leo Komarov in MapleLeafs zone.
14:49 of 3rd period - Shot by Teuvo Teravainen.
14:49 of 3rd period - Stopped by Jimmy Howard without a rebound.
14:50 of 3rd period - Auston Matthews wins face-off versus Jay Beagle in MapleLeafs zone.
15:06 of 3rd period - Zack Smith is hit by Jamie Oleksiak.
16:23 of 3rd period - Shot by Auston Matthews.
16:23 of 3rd period - Shot Blocked by Dmitry Kulikov.
16:45 of 3rd period - Shot by Jay Beagle.
16:45 of 3rd period - Stopped by Laurent Brossoit without a rebound.
16:46 of 3rd period - Jay Beagle wins face-off versus Nick Shore in Canadiens zone.
17:00 of 3rd period - Shot by Tyson Jost.
17:00 of 3rd period - Shot Misses the Net.
17:47 of 3rd period - Shot by Josh Morrissey.
17:47 of 3rd period - Shot Misses the Net.
18:26 of 3rd period - Shot by Nikita Kucherov.
18:26 of 3rd period - Stopped by Laurent Brossoit without a rebound.
18:27 of 3rd period - Sam Steel wins face-off versus Auston Matthews in Canadiens zone.
18:30 of 3rd period - Shot by Nikolaj Ehlers.
18:30 of 3rd period - Shot Misses the Net.
18:32 of 3rd period - Shot by Olli Maatta.
18:32 of 3rd period - Stopped by Laurent Brossoit without a rebound.
18:33 of 3rd period - Auston Matthews wins face-off versus Sam Steel in Canadiens zone.
18:53 of 3rd period - Shot by Teuvo Teravainen.
18:53 of 3rd period - Shot Misses the Net.
19:23 of 3rd period - Canadiens, Laurent Brossoit is pulled from the net.
19:43 of 3rd period - Shot by Colin White.
19:43 of 3rd period - Stopped by Jimmy Howard with a rebound.
19:45 of 3rd period - Shot by Cam Fowler.
19:45 of 3rd period - Stopped by Jimmy Howard without a rebound.
19:46 of 3rd period - Colin White wins face-off versus Craig Smith in MapleLeafs zone.
19:46 of 3rd period - Colin White is hit by Radko Gudas.
19:55 of 3rd period - Cam Fowler is hit by Radko Gudas and loses puck.
19:58 of 3rd period - Shot by Cam Fowler.
19:58 of 3rd period - Stopped by Jimmy Howard with a rebound.
Goals for this period are 1 for MapleLeafs vs 0 for Canadiens.
Shots for this period are 10 for MapleLeafs vs 11 for Canadiens.